 Dungeon Crawl Stone Soup version 0.23.0-28-g6fe0f4dc8b (webtiles) character file.

Game seed: 0

921 OdinFK the Magician (level 7, -21/36 HPs)
             Began as a Deep Elf Fire Elementalist on Feb 25, 2019.
             Demolished by a two-headed ogre
             ... wielding a cursed -3 giant club
              (22 damage)
             ... on level 5 of the Dungeon on Feb 26, 2019.
             The game lasted 00:27:52 (3671 turns).

OdinFK the Magician (Deep Elf Fire Elementalist)    Turns: 3671, Time: 00:27:53

Health: -21/36     AC:  5    Str:  5    XL:     7   Next: 84%
Magic:  16/20      EV: 12    Int: 22    God:
Gold:   264        SH:  0    Dex: 15    Spells: 11/21 levels left

rFire    . . .     SeeInvis +   h - +2 dagger (drain)
rCold    . . .     Gourm    .   (no shield)
rNeg     . . .     Faith    .   q - +2 leather armour {MR+}
rPois    .         Spirit   .   (no helmet)
rElec    .         Reflect  .   (no cloak)
rCorr    .         Harm     .   (no gloves)
MR       +....                  (no boots)
Stlth    ++........             (no amulet)
HPRegen  0.12/turn              l - ring of see invisible
MPRegen  0.17/turn              (no ring)

@: no status effects
A: no striking features
a: no special abilities


You were on level 5 of the Dungeon.
You were hungry.

You visited 1 branch of the dungeon, and saw 5 of its levels.

You collected 368 gold pieces.
You spent 104 gold pieces at shops.

Inventory:

Hand Weapons
 h - a +2 dagger of draining (weapon)
Armour
 a - a +0 robe
 q - a +2 leather armour of magic resistance (worn)
Jewellery
 i - an uncursed amulet of harm
 l - a ring of see invisible (left hand)
Wands
 r - a wand of iceblast (6)
Scrolls
 b - a scroll of random uselessness {unknown}
 f - 4 scrolls of teleportation
 g - 2 scrolls of identify
 k - 2 scrolls of enchant armour {unknown}
 m - 3 scrolls of remove curse
 o - a scroll of magic mapping {unknown}
 p - a scroll of amnesia {unknown}
Potions
 d - 2 potions of brilliance
 e - a potion of heal wounds
 j - a potion of might
 n - a potion of ambrosia {unknown}
Comestibles
 c - 8 rations


   Skills:
 - Level 2.4 Dodging
 - Level 2.4 Stealth
 + Level 7.7 Spellcasting
 + Level 5.0 Conjurations
 + Level 6.8 Fire Magic


You had 11 spell levels left.
You knew the following spells:

 Your Spells              Type           Power        Failure   Level  Hunger
a - Flame Tongue          Conj/Fire      ####.        1%          1    None
b - Throw Flame           Conj/Fire      ####..       1%          2    None
c - Conjure Flame         Conj/Fire      ####....     3%          3    None
d - Sticky Flame          Conj/Fire      ####....     11%         4    ###....

Your spell library contained the following spells:

 Spells                   Type           Power        Failure   Level  Hunger
 Inner Flame              Hex/Fire       ###.....     10%         3    None
 Fireball                 Conj/Fire      ####......   30%         5    #####..


Dungeon Overview and Level Annotations

Branches:
Dungeon (5/15)
 Temple: D:4-7

Altars:
Fedhas

Shops:
D:4 ?

Annotations:
D:4 2 transporters, lextramoth's ghost, amateur MiFi


Message History

There is a stone staircase leading up here.
There is a stone staircase leading up here.
Press: ? - help, v - describe, . - travel The floor.
Unknown command.
Casting: Conjure Flame (safe; 3% risk of failure)
Confirm with . or Enter, or press ? or * to list all spells.
Aiming: Sticky Flame (safe; 11% risk of failure)
Press: ? - help, Shift-Dir - straight line, f - two-headed ogre
Aim: a two-headed ogre, wielding a -3 giant club and a +0 giant club The sticky flame hits the two-headed ogre.
The two-headed ogre is lightly wounded.
The two-headed ogre is covered in liquid flames!
The two-headed ogre burns!
The two-headed ogre hits you with a cursed -3 giant club!!
Ouch! That really hurt!
* * * LOW HITPOINT WARNING * * *
The two-headed ogre hits you with a +0 giant club!!
Ouch! That really hurt!
You die...

..#....# #..#...........
.#.....# ####.##.........
....##.###.#...#.......##
...###..<.....##........#
..###...#.....##......#.....#
.## #...#..##..#......#.#...#
### #..##..###........### ..#
..# ##..#..###.....#...... .#
.#####..........@..#......# #
..#....#.....#.##O......###
.....###.......<......###
.....###...##.###.......#
.#..#.##..####.#.........
.#.......#### .........##
......##....#....##......
...#####......#...#......
..)####...........#......


You could see a two-headed ogre (burning).

Vanquished Creatures
  2 ice beasts (D:5)
  A phantom (D:5)
  A necrophage (D:5)
  An ogre (D:5)
  A scorpion (D:5)
  2 hounds (D:5)
  2 centaur skeletons (D:5)
  Natasha (thrice) (D:3)
  2 iguanas (D:4)
  6 adders
  A gnoll (D:2)
  A shadow imp (D:5)
  2 oozes (D:2)
  An adder skeleton (D:5)
  2 worms
  4 leopard geckos
  4 orcs
  A ball python (D:2)
  13 bats
  4 giant cockroaches
  7 goblins
  11 hobgoblins
  6 jackals (D:4)
  7 kobolds
  A quokka (D:2)
  5 frilled lizards
  6 rats
97 creatures vanquished.

Notes
Turn   | Place    | Note
-------+----------+-------------------------------------------
     0 | D:1      | OdinFK the Deep Elf Fire Elementalist began the quest for
                  | the Orb.
     0 | D:1      | Reached XP level 1. HP: 10/10 MP: 6/6
    94 | D:1      | Reached XP level 2. HP: 15/15 MP: 0/8
   101 | D:1      | Learned a level 2 spell: Throw Flame
   477 | D:1      | Reached XP level 3. HP: 19/19 MP: 0/10
   716 | D:1      | Learned a level 3 spell: Conjure Flame
  1162 | D:2      | Reached skill level 4 in Spellcasting
  1185 | D:2      | Reached XP level 4. HP: 24/24 MP: 6/12
  1814 | D:3      | Noticed Natasha
  1818 | D:3      | Killed Natasha
  1818 | D:3      | Reached XP level 5. HP: 27/28 MP: 9/14
  1936 | D:3      | Noticed Natasha
  1942 | D:3      | Killed Natasha
  1951 | D:3      | Reached skill level 5 in Spellcasting
  1951 | D:3      | Reached skill level 5 in Fire Magic
  1953 | D:3      | Noticed Natasha
  1958 | D:3      | Killed Natasha
  2253 | D:4      | Found a blossoming altar of Fedhas.
  2317 | D:4      | Found a transporter.
  2469 | D:4      | Reached XP level 6. HP: 32/32 MP: 9/16
  2525 | D:4      | Found a transporter.
  2526 | D:4      | Noticed lextramoth's ghost (amateur MiFi)
  2587 | D:4      | Found Goragiuso's Magic Scroll Shop.
  2595 | D:4      | Bought a scroll of remove curse for 33 gold pieces
  2595 | D:4      | Bought a scroll of teleportation for 33 gold pieces
  2595 | D:4      | Bought a scroll of fear for 38 gold pieces
  2687 | D:5      | Entered Level 5 of the Dungeon
  2698 | D:5      | Reached skill level 6 in Spellcasting
  2969 | D:5      | Noticed an ice beast
  3072 | D:5      | Noticed a two-headed ogre
  3315 | D:5      | Reached XP level 7. HP: 21/36 MP: 12/19
  3380 | D:5      | Reached skill level 7 in Spellcasting
  3478 | D:5      | Reached skill level 5 in Conjurations
  3517 | D:5      | Learned a level 4 spell: Sticky Flame
  3671 | D:5      | HP: 1/36 [two-headed ogre/cursed -3 giant club (28)]
  3671 | D:5      | Demolished by a two-headed ogre

Skill      XL: |  1  2  3  4  5  6  7 |
---------------+----------------------+-----
Fire Magic     | 4 5 6 |  6.8
Spellcasting   | 4 5 6 7 |  7.7
Conjurations   | 2 3 4 5 |  5.0
Dodging        | |  2.4
Stealth        | |  2.4

Action                   |  1- 3 |  4- 6 |  7- 9 || total
-------------------------+-------+-------+-------++-------
Melee: Unarmed           |    25 |       |       ||    25
       Club              |     3 |       |       ||     3
       Dagger            |     3 |    17 |       ||    20
 Cast: Flame Tongue      |    60 |    73 |     7 ||   140
       Throw Flame       |    10 |    29 |    16 ||    55
       Conjure Flame     |       |       |     1 ||     1
       Sticky Flame      |       |       |     1 ||     1
  Use: Scroll            |       |     4 |       ||     4
 Stab: Sleeping          |     1 |     3 |       ||     4
  Eat: Chunk             |     1 |     5 |     2 ||     8
Armor: Robe              |    13 |     1 |       ||    14
       Leather armour    |       |     9 |       ||     9
Dodge: Dodged            |    52 |    38 |       ||    90
